 Dungeon Crawl Stone Soup version 0.31.0-12-g77e489cdc1 (webtiles) character file.

Game seed: 4114067955232066056

210 monsoonserge the Ruffian (level 5, 0/39 HPs)
             Began as a Gnoll Shapeshifter on Feb 26, 2024.
             Slain by a gnoll
             ... wielding a +0 halberd
              (6 damage)
             ... on level 4 of the Dungeon.
             The game lasted 00:05:54 (2325 turns).

monsoonserge the Ruffian (Gnoll Shapeshifter)       Turns: 2325, Time: 00:05:54

Health: 0/39       AC:  1    Str: 15    XL:     5   Next: 87%
Magic:  7/7        EV: 17    Int: 16    God:
Gold:   213        SH:  0    Dex: 11    Spells: 5/7 levels left

rFire   . .          .
                       - Unarmed
rCold   . . .        (shield currently unavailable)
rNeg    . . .        a - melded +0 animal skin
rPois   .            q - +0 helmet
rElec   .            (no cloak)
rCorr   .            (no gloves)
SInv    .            (no boots)
Will    .....        e - amulet of the acrobat
Stlth   +            f - +6 ring of intelligence
HPRegen 0.26/turn    (no ring)
MPRegen 0.10/turn

%: acrobat
@: flux-form, hasted, glowing, very quick
A: glow, contaminating, reduced hp, fangs 1, strong nose, distributed training
a: Begin Untransformation


You were on level 4 of the Dungeon.
You were something dangerously unstable.
You visited 1 branch of the dungeon, and saw 4 of its levels.

You collected 213 gold pieces.

Inventory:

Missiles
 l - a throwing net
 n - 2 poisoned darts (quivered)
Armour
 a - a +0 animal skin (melded)
 o - a +0 leather armour
 q - a +0 helmet (worn)
 s - a +0 ring mail
 u - a +0 scale mail
Jewellery
 e - an amulet of the acrobat (around neck)
 f - a +6 ring of intelligence (left hand)
 i - an amulet of magic regeneration
Talismans
 c - a beast talisman
 d - a flux talisman (active)
Scrolls
 h - 2 scrolls of teleportation {unknown}
 k - a scroll of fear {unknown}
 m - 2 scrolls of noise {unknown}
 p - 3 scrolls of identify {unknown}
 t - a scroll of enchant armour {unknown}
Potions
 b - 2 potions of lignification
 g - a potion of invisibility {unknown}
 j - a potion of might {unknown}
 r - 2 potions of haste


   Skills:
 + Level 3.1 Fighting
 + Level 1.7 Short Blades
 + Level 1.7 Long Blades
 + Level 1.7 Axes
 + Level 1.7 Maces & Flails
 + Level 1.7 Polearms
 + Level 1.7 Staves
 + Level 1.7 Ranged Weapons
 + Level 1.7 Throwing
 + Level 1.7 Armour
 + Level 4.9 Dodging
 + Level 1.7 Stealth
 + Level 1.7 Shields
 + Level 6.7 Unarmed Combat
 + Level 1.7 Spellcasting
 + Level 1.3 Conjurations
 + Level 1.3 Hexes
 + Level 1.3 Summonings
 + Level 1.3 Necromancy
 + Level 1.3 Translocations
 + Level 1.3 Fire Magic
 + Level 1.3 Ice Magic
 + Level 1.3 Air Magic
 + Level 1.3 Earth Magic
 + Level 1.3 Alchemy
 + Level 2.0 Invocations
 + Level 1.7 Evocations
 + Level 6.7 Shapeshifting


You had 5 spell levels left.
You knew the following spells:

 Your Spells              Type           Power      Damage    Failure   Level
a - Blink                 Tloc           10%        N/A       19%         2

Your spell library contained the following spells:

 Spells                   Type           Power      Damage    Failure   Level
 Lesser Beckoning         Tloc           10%        N/A       19%         2
 Momentum Strike          Conj/Tloc      10%        3d8       19%         2
 Fugue of the Fallen      Necr           5%         N/A       36%         3
 Ozocubu's Armour         Ice            5%         N/A       36%         3
 Manifold Assault         Tloc           5%         N/A       77%         4


Dungeon Overview and Level Annotations

Branches:
Dungeon (4/15)
 Temple: D:4-7

Altars:

Annotations:
D:3 3 runed translucent doors, abcdefg's ghost, amateur FoCK


Innate Abilities, Weirdness & Mutations

You are something dangerously unstable.
You glow with magical radiation, making you easy to see and hit.
Foes you strike become dangerously contaminated with magical radiation.
Your maximum health is decreased, since you lack skill for your form.
You are incapable of wielding weapons or throwing items.
You have very sharp teeth.
Your uncanny sense of smell can sniff out nearby items.
Your experience applies equally to all skills.


Message History

The scorpion poisons you!
You hit the scorpion.
The scorpion glows dangerously bright.
The scorpion is moderately wounded.
You feel very sick. The scorpion barely misses you.
You barely miss the scorpion.
The scorpion is lightly wounded.
You feel sick. The scorpion stings you.
You hit the scorpion.
The scorpion shudders as magic cascades through it!!
You kill the scorpion!
You feel sick.
A gnoll comes into view. It is wielding a +0 halberd.
Your Invocations skill increases to level 2!
The gnoll shouts!
You hit the jackal.
The jackal begins to glow.
The jackal is heavily wounded.
You feel sick. The jackal misses you.
You hit the jackal.
The jackal glows dangerously bright.
The jackal is severely wounded.
You feel sick. The jackal barely misses you.
The gnoll hits you from afar with a +0 halberd!
You feel sick. The jackal barely misses you.
You barely miss the jackal.
The jackal is severely wounded.
You feel sick. The jackal completely misses you.
You hit the jackal.
You kill the jackal!
You feel sick.
It was a potion of haste.
You feel yourself speed up.
You feel sick.
You are no longer poisoned.
The ball python bites you.
* * * LOW HITPOINT WARNING * * *
The ball python misses you. The gnoll closely misses you.
The ball python misses you. x2
Okay, then.
You hit the ball python.
The ball python begins to glow.
The ball python is moderately wounded.
The gnoll hits you from afar with a +0 halberd.
You die...

..S.###....†).....#
#.# #.............##
..#
...###.#...........#
.##
.....g.#.#.........##
. #g.#......^...##.
#h##.....h.......
h.####.##g######.
.s.. #..##S#
.........##p#
..>........#.#
#..............
#..........##.#.
....... ..##. ... ..
∆∆ ... .. ...# ..


You could see a gnoll, a jackal and a ball python (contam).

Vanquished Creatures
  A scorpion (D:4)
  Jessica (D:3)
  Robin (D:3)
  2 adders (D:2)
  2 gnolls (D:4)
  2 ribbon worms (D:2)
  3 ball pythons
  4 bats
  6 endoplasms
  2 giant cockroaches
  13 goblins
  11 hobgoblins
  5 jackals
  3 frilled lizards
  4 kobolds
  5 rats
65 creatures vanquished.

Notes
Turn   | Place    | Note
-------+----------+-------------------------------------------
     0 | D:1      | monsoonserge the Gnoll Shapeshifter began the quest for the
                  | Orb.
     0 | D:1      | Reached XP level 1. HP: 17/17 MP: 1/1
   176 | D:1      | Reached XP level 2. HP: 19/23 MP: 2/2
   608 | D:1      | Learned a level 2 spell: Blink
   712 | D:2      | Found a faded altar of an unknown god.
   820 | D:2      | Reached XP level 3. HP: 25/28 MP: 3/3
   900 | D:2      | Reached skill level 1 in Invocations
   967 | D:2      | Reached skill level 1 in Short Blades
   967 | D:2      | Reached skill level 1 in Long Blades
   967 | D:2      | Reached skill level 1 in Axes
   967 | D:2      | Reached skill level 1 in Maces & Flails
   967 | D:2      | Reached skill level 1 in Polearms
   967 | D:2      | Reached skill level 1 in Staves
   967 | D:2      | Reached skill level 1 in Ranged Weapons
   967 | D:2      | Reached skill level 1 in Throwing
   967 | D:2      | Reached skill level 1 in Armour
   967 | D:2      | Reached skill level 1 in Stealth
   967 | D:2      | Reached skill level 1 in Shields
   967 | D:2      | Reached skill level 1 in Spellcasting
   967 | D:2      | Reached skill level 1 in Evocations
  1098 | D:2      | Reached XP level 4. HP: 29/34 MP: 5/5
  1583 | D:3      | Noticed Jessica
  1599 | D:3      | Killed Jessica
  1600 | D:3      | Reached skill level 1 in Conjurations
  1600 | D:3      | Reached skill level 1 in Hexes
  1600 | D:3      | Reached skill level 1 in Summonings
  1600 | D:3      | Reached skill level 1 in Necromancy
  1600 | D:3      | Reached skill level 1 in Translocations
  1600 | D:3      | Reached skill level 1 in Fire Magic
  1600 | D:3      | Reached skill level 1 in Ice Magic
  1600 | D:3      | Reached skill level 1 in Air Magic
  1600 | D:3      | Reached skill level 1 in Earth Magic
  1600 | D:3      | Reached skill level 1 in Alchemy
  1757 | D:3      | Noticed Robin
  1764 | D:3      | Killed Robin
  1787 | D:3      | Reached XP level 5. HP: 2/40 MP: 7/7
  2202 | D:3      | Found a runed translucent gate.
  2202 | D:3      | Found a runed translucent gate.
  2202 | D:3      | Found a runed translucent gate.
  2204 | D:3      | Noticed abcdefg's ghost (amateur FoCK)
  2325 | D:4      | Slain by a gnoll

Illustrated notes

Levels and vault maps discovered:
D:1:      lemuel_arrival_cross, layout_loops_ring, minmay_misc_feat_square,
          amcnicky_mini_pool_small
D:2:      minmay_chambers_of_twos, layout_basic, nicolae_ecumenical_pavilion
D:3:      layout_rooms, gammafunk_ghost_necromancy, uniq_robin, uniq_jessica
D:4:      layout_rooms, minmay_misc_feat_iff, minmay_manual_mandibuliform

Skill      XL: |  1  2  3  4  5 |
---------------+----------------+-----
Invocations    | 1 2 |  2.0
Short Blades   | 1 |  1.7
Long Blades    | 1 |  1.7
Axes           | 1 |  1.7
Maces & Flails | 1 |  1.7
Polearms       | 1 |  1.7
Staves         | 1 |  1.7
Ranged Weapons | 1 |  1.7
Throwing       | 1 |  1.7
Armour         | 1 |  1.7
Stealth        | 1 |  1.7
Shields        | 1 |  1.7
Spellcasting   | 1 |  1.7
Evocations     | 1 |  1.7
Conjurations   | 1 |  1.3
Hexes          | 1 |  1.3
Summonings     | 1 |  1.3
Necromancy     | 1 |  1.3
Translocations | 1 |  1.3
Fire Magic     | 1 |  1.3
Ice Magic      | 1 |  1.3
Air Magic      | 1 |  1.3
Earth Magic    | 1 |  1.3
Alchemy        | 1 |  1.3
Fighting       | 3 |  3.1
Dodging        | |  4.9
Unarmed Combat | |  6.7
Shapeshifting  | |  6.7

Action                     |  1- 3 |  4- 6 || total
---------------------------+-------+-------++-------
  Melee: Unarmed           |    88 |    94 ||   182
         Bite              |    13 |     5 ||    18
    Use: Potion            |       |     1 ||     1
 Armour: Skin              |    19 |    30 ||    49
  Dodge: Dodged            |    69 |    92 ||   161
   Form: Flux              |     1 |       ||     1
